 Dungeon Crawl Stone Soup version 0.26.1-11-gd32895ea62 (webtiles) character file.

Game seed: 12948718006148158064

110 Arcadio the Skirmisher (level 4, -2/42 HPs)
             Began as a Palentonga Fighter on June 2, 2021.
             Killed by divine providence
             ... invoked by an orc priest
              (10 damage)
             ... on level 2 of the Dungeon.
             The game lasted 00:03:10 (2375 turns).

Arcadio the Skirmisher (Palentonga Fighter)         Turns: 2375, Time: 00:03:10

Health: -2/42      AC:  6    Str: 20    XL:     4   Next: 61%
Magic:  4/4        EV:  5    Int:  8    God:
Gold:   122        SH: 10    Dex: 10    Spells: 3/3 levels left

rFire    . . .     SeeInvis +   a - +0 war axe
rCold    . . .     Faith    .   c - +1 kite shield
rNeg     . . .     Spirit   .   b - +0 scale mail
rPois    .         Reflect  .   (no helmet)
rElec    .         Harm     .   (no cloak)
rCorr    .         Rampage  .   (no gloves)
Will     .....                  (no barding)
Stlth    ..........             (no amulet)
HPRegen  0.14/turn              (no ring)
MPRegen  0.09/turn              (no ring)

@: mighty, lethally poisoned (-2 -> -12)
A: large, rugged brown scales 3, see invisible, deformed body, roll 1, armoured
tail
a: Rolling Charge


You were on level 2 of the Dungeon.
You visited 1 branch of the dungeon, and saw 3 of its levels.

You collected 122 gold pieces.

Inventory:

Hand Weapons
 a - a +0 war axe (weapon)
Armour
 b - a +0 scale mail (worn)
 c - a +1 kite shield (worn)
 i - a +0 cloak
Jewellery
 e - an uncursed amulet of magic regeneration {unknown}
Scrolls
 f - 2 scrolls of enchant armour
 g - a scroll of amnesia {unknown}
 h - 3 scrolls of teleportation
 j - a scroll of remove curse {unknown}
 m - a scroll of identify
Potions
 k - a potion of resistance
 l - a potion of heal wounds {unknown}


   Skills:
 + Level 3.7 Fighting
 + Level 2.9 Axes
 + Level 3.0 Armour
 + Level 3.0 Shields


You had 3 spell levels left.
You didn't know any spells.
Your spell library was empty.

Dungeon Overview and Level Annotations

Branches:
Dungeon (3/15)

Altars:
Cheibriados


Innate Abilities, Weirdness & Mutations

You are completely covered in rugged brown scales. (AC +3, +7% HP)
You have supernaturally acute eyesight. (SInv)
Armour fits poorly on your strangely shaped body.
You can roll at nearby foes to attack.
You have a long armoured tail.


Message History

The orc priest calls down the wrath of Beogh upon you.
Beogh smites you!
* * * LOW HITPOINT WARNING * * *
Your shield prevents you from hitting the orc priest.
The orc priest is almost dead.
You feel sick.
The orc priest looks satisfied for a moment.
You closely miss the orc priest.
The orc priest is almost dead.
You feel sick.
The orc priest calls down the wrath of Beogh upon you.
You barely resist.
The orc priest hits you but does no damage.
You are lethally poisoned!
You feel very mighty all of a sudden.
* * * LOW HITPOINT WARNING * * *
You feel sick.
The orc priest calls down the wrath of Beogh upon you.
Beogh smites you!
You die...

.#
#......#.......#.########.#
.# #......##.##...#.# #.#
.# #..............#.#
#.#### .#
#......###.##..#.# #.....
.# #......# #..#..#.#
###### .#
#......####.#..#.# .#
##.....#..)....#.#
.##########.###.o##.#
.'....# #.# #.@)..# .####.#
#.# ####### .# #.# #.# ##
#.# #.# #.# #.######## #)#
#........# #.# #######.##
#.# #.# #.# #.#


You could see an orc priest.

Vanquished Creatures
  Terence (D:2)
  4 gnolls (D:2)
  3 leopard geckos
  4 orcs (D:2)
  A ball python (D:1)
  A giant cockroach (D:2)
  6 goblins
  3 hobgoblins
  3 jackals (D:1)
  3 bats
  3 frilled lizards
  3 kobolds
  3 rats (D:2)
38 creatures vanquished.

Notes
Turn   | Place    | Note
-------+----------+-------------------------------------------
     0 | D:1      | Arcadio the Palentonga Fighter began the quest for the Orb.
     0 | D:1      | Reached XP level 1. HP: 20/20 MP: 1/1
   191 | D:1      | Found a snail-covered altar of Cheibriados.
   524 | D:1      | Reached XP level 2. HP: 26/27 MP: 2/2
  1229 | D:2      | Noticed Terence
  1246 | D:2      | Killed Terence
  1247 | D:2      | Reached XP level 3. HP: 25/33 MP: 3/3
  1794 | D:2      | Reached XP level 4. HP: 38/41 MP: 4/4
  2375 | D:2      | Killed from afar by an orc priest

Illustrated notes

Levels and vault maps discovered:
D:1:      shiori_arrival_elements, layout_loops_corners, cheibriados_altar_1
D:2:      layout_basic, uniq_terence
D:3:      layout_rooms, trog_eyes_of_draining, serial_rivers,
          chequers_serial_rivers_large_b, chequers_serial_rivers_micro_d,
          chequers_serial_rivers_micro_a, chequers_serial_rivers_small_3,
          chequers_serial_rivers_micro_d

Skill      XL: |  1  2  3  4 |
---------------+-------------+-----
Armour         | 3 |  3.0
Shields        | 3 |  3.0
Fighting       | |  3.7
Axes           | |  2.9

Action                   |  1- 3 |  4- 6 || total
-------------------------+-------+-------++-------
Melee: War axe           |   100 |    29 ||   129
       Tailslap          |     8 |     3 ||    11
 Abil: Rolling Charge    |     1 |       ||     1
  Use: Scroll            |     5 |       ||     5
       Potion            |       |     1 ||     1
Armor: Scale mail        |    42 |     8 ||    50
Dodge: Dodged            |    24 |     4 ||    28
Block: Kite shield       |    65 |    20 ||    85
